 Dungeon Crawl Stone Soup version 0.21-a0-517-gd76cfe0 (webtiles) character file.

42 Firecrotchwizard the Magician (level 3, -2/28 HPs)
             Began as a Gnoll Wanderer on Dec 3, 2017.
             Shot with a sling bullet by a goblin (3 damage)
             ... on level 2 of the Dungeon.
             The game lasted 00:01:59 (1550 turns).

Firecrotchwizard the Magician (Gnoll Wanderer)      Turns: 1550, Time: 00:02:00

Health: -2/28      AC:  2    Str: 16    XL:     3   Next: 56%
Magic:  9/9        EV: 11    Int: 14    God:
Gold:   41         SH:  0    Dex: 13    Spells: 11/12 levels left

rFire    . . .     SeeInvis .   b - +0 hand axe
rCold    . . .     Gourm    .   (no shield)
rNeg     . . .     Faith    .   d - +0 robe
rPois    .         Spirit   .   (no helmet)
rElec    .         Reflect  .   (no cloak)
rCorr    .         Harm     .   (no gloves)
MR       .....                  (no boots)
Stlth    ++........             (no amulet)
HPRegen  0.09/turn              (no ring)
MPRegen  0.11/turn              (no ring)

@: no status effects
A: distributed training, fangs 1, strong nose
a: no special abilities


You were on level 2 of the Dungeon.
You were not hungry.

You visited 1 branch of the dungeon, and saw 2 of its levels.

You collected 41 gold pieces.

Inventory:

Hand Weapons
 b - a +0 hand axe (weapon)
Armour
 d - a +0 robe (worn)
Wands
 c - a wand of random effects (14)
Scrolls
 i - a scroll of remove curse {unknown}
 l - 2 scrolls of teleportation {unknown}
Potions
 e - a potion of curing {unknown}
 h - a potion of cancellation {unknown}
 j - a potion of lignification {unknown}
Books
 a - a book of Air
Comestibles
 f - 2 bread rations {@e1}
 g - a meat ration {@e2}
 k - 2 fruits
 m - a chunk of flesh {@w0}


   Skills:
 + Level 2.6 Fighting
 + Level 0.8 Short Blades
 + Level 0.8 Long Blades
 + Level 4.5 Axes
 + Level 0.8 Maces & Flails
 + Level 0.8 Polearms
 + Level 0.8 Staves
 + Level 0.8 Slings
 + Level 0.8 Bows
 + Level 0.8 Crossbows
 + Level 2.6 Throwing
 + Level 4.5 Armour
 + Level 0.8 Dodging
 + Level 0.8 Stealth
 + Level 0.8 Shields
 + Level 0.8 Unarmed Combat
 + Level 5.0 Spellcasting
 + Level 0.5 Conjurations
 + Level 0.5 Hexes
 + Level 0.5 Charms
 + Level 0.5 Summonings
 + Level 0.5 Necromancy
 + Level 0.5 Translocations
 + Level 0.5 Transmutations
 + Level 0.5 Fire Magic
 + Level 0.5 Ice Magic
 + Level 2.1 Air Magic
 + Level 0.5 Earth Magic
 + Level 0.5 Poison Magic
 + Level 1.0 Invocations
 + Level 2.6 Evocations


You had 11 spell levels left.
You knew the following spells:

 Your Spells              Type           Power        Failure   Level  Hunger
a - Shock                 Conj/Air       #...         10%         1    None


Dungeon Overview and Level Annotations

Branches:
Dungeon (2/15)

Altars:


Innate Abilities, Weirdness & Mutations

Your experience applies equally to all skills.
You have very sharp teeth.
Your uncanny sense of smell can sniff out nearby items.


Message History

Health restored: 28 You start resting.
MP restored: 9 You butcher the adder corpse.
m - 2 chunks of flesh {@w0} (gained 1) Some of the chunks of flesh in your inventory have rotted away.
An adder comes into view.
The adder hisses angrily.
Aim: an adder The puff of frost hits the adder.
The adder bites you.
You take 2 damage, and have 26/28 hp.
You hit the adder but do no damage. The adder bites you.
You are poisoned.
The adder poisons you! The adder bites you.
You are more poisoned.
The adder poisons you!
You take 6 damage, and have 20/28 hp.
MASSIVE DAMAGE!!
You barely miss the adder.
You feel sick. The adder bites you.
You take 2 damage, and have 18/28 hp.
You closely miss the adder. Your bite misses the adder.
You feel sick. The adder closely misses you.
You take 1 damage, and have 17/28 hp.
You barely miss the adder. Your bite misses the adder.
You feel sick. The adder bites you. The adder barely misses you.
You take 3 damage, and have 14/28 hp.
You are too injured to fight recklessly!
You slash the adder!
You kill the adder!
Your Invocations skill increases to level 1!
You feel sick.
You see here an adder corpse.
You take 1 damage, and have 13/28 hp.
You butcher the adder corpse.
m - 2 chunks of flesh {@w0} (gained 1)
You feel sick.
You start resting.
You feel sick. x6
You are no longer poisoned.
You take 5 damage, and have 8/28 hp.
You start resting.
Eating one of 2 chunks of flesh {@w0}.
You eat one of the 2 chunks of flesh {@w0}.
A hobgoblin comes into view.
You regained 17 hp, and now have 25/28 hp.
A goblin comes into view.
The goblin shouts!
The hobgoblin shouts!
The goblin wields a hunting sling.
The goblin shoots a sling bullet.
The sling bullet closely misses you.
A leopard gecko and a bat come into view.
You see here a sling bullet.
The goblin shoots a sling bullet.
The sling bullet completely misses you.
A goblin comes into view.
The leopard gecko hisses angrily.
You hear an angry hiss.
The bat barely misses you.
The goblin shoots a sling bullet.
The sling bullet hits you but does no damage.
You see here a sling bullet.
You barely miss the hobgoblin. The bat hits you but does no damage.
The hobgoblin hits you but does no damage.
A leopard gecko comes into view.
You barely miss the hobgoblin. The bat barely misses you.
The hobgoblin barely misses you.
The goblin shoots a sling bullet.
The sling bullet hits you.
You take 2 damage, and have 23/28 hp.
You hit the hobgoblin. Your bite misses the hobgoblin.
The bat barely misses you. The hobgoblin hits you.
You take 3 damage, and have 20/28 hp.
You hit the hobgoblin but do no damage. You hit the leopard gecko.
The bat barely misses you. The leopard gecko barely misses you.
The hobgoblin hits you. The leopard gecko closely misses you.
You take 4 damage, and have 16/28 hp.
You hit the hobgoblin.
You hit the leopard gecko but do no damage.
You hit the bat. The bat barely misses you. The hobgoblin hits you.
The leopard gecko barely misses you.
You take 3 damage, and have 13/28 hp.
You are too injured to fight recklessly!
You are too injured to fight recklessly!
You hit the bat. You barely miss the hobgoblin.
You barely miss the leopard gecko. The bat closely misses you.
The hobgoblin hits you.
* * * LOW HITPOINT WARNING * * *
The leopard gecko completely misses you.
The hobgoblin closely misses you.
You take 5 damage, and have 8/28 hp.
You hit the leopard gecko. You hit the goblin. You barely miss the hobgoblin.
The goblin closely misses you. The leopard gecko bites you.
* * * LOW HITPOINT WARNING * * *
The bat hits you but does no damage. The hobgoblin hits you.
* * * LOW HITPOINT WARNING * * *
You take 4 damage, and have 4/28 hp.
You hit the goblin.
You kill the goblin!
You closely miss the leopard gecko. You hit the bat.
You kill the bat!
You hit the hobgoblin but do no damage. The leopard gecko bites you.
* * * LOW HITPOINT WARNING * * *
The goblin shoots a sling bullet.
The sling bullet hits you.
You die...

..................
..................
..................
..................
...................#
.......l...........#
.....gl†...........#
......†@...........##
......g..(...##.....#
..$.....#............
........#...........####
........###............#
........# ###.##.......#
........# #.##.......
........# #.##.....#
....... #........#


You could see 2 leopard geckos, a hobgoblin and a goblin.

Vanquished Creatures
  2 adders (D:2)
  A ball python (D:1)
  A giant cockroach (D:1)
  5 goblins
  2 hobgoblins (D:1)
  5 kobolds (D:1)
  2 bats
  3 frilled lizards (D:1)
  3 rats (D:1)
24 creatures vanquished.

Notes
Turn   | Place    | Note
-------+----------+-------------------------------------------
     0 | D:1      | Firecrotchwizard the Gnoll Wanderer began the quest for the Orb.
     0 | D:1      | Firecrotchwizard set off with: a book of Air, a +0 hand axe, a wand of random effects (15), a +0 robe, a bread ration {@e1}
     0 | D:1      | Reached XP level 1. HP: 17/17 MP: 6/6
     2 | D:1      | Learned a level 1 spell: Shock
    58 | D:1      | Reached skill level 2 in Air Magic
   122 | D:1      | Reached XP level 2. HP: 17/23 MP: 7/7
   575 | D:1      | HP: 5/23 [hobgoblin/club (3)]
  1307 | D:2      | Reached skill level 5 in Spellcasting
  1307 | D:2      | Reached XP level 3. HP: 28/28 MP: 7/9
  1335 | D:2      | Reached skill level 1 in Invocations
  1549 | D:2      | HP: 6/28 [leopard gecko (3)]
  1550 | D:2      | HP: 1/28 [leopard gecko (3)]
  1550 | D:2      | Shot with a sling bullet by a goblin

Vault maps used:
D:1:      dpeg_arrival_shelter, st_stairs_4
D:2:      nicolae_overflow_hidden_temple, nemelex_xobeh_ov_fountains_minmay,
          gammafunk_temple_overflow_pools, uniq_crazy_yiuf_cottage

Skill      XL: |  1  2  3 |
---------------+----------+-----
Air Magic      | 2 |  2.1
Spellcasting   | 5 |  5.0
Invocations    | 1 |  1.0
Fighting       | |  2.6
Short Blades   | |  0.8
Long Blades    | |  0.8
Axes           | |  4.5
Maces & Flails | |  0.8
Polearms       | |  0.8
Staves         | |  0.8
Slings         | |  0.8
Bows           | |  0.8
Crossbows      | |  0.8
Throwing       | |  2.6
Armour         | |  4.5
Dodging        | |  0.8
Stealth        | |  0.8
Shields        | |  0.8
Unarmed Combat | |  0.8
Conjurations   | |  0.5
Hexes          | |  0.5
Charms         | |  0.5
Summonings     | |  0.5
Necromancy     | |  0.5
Translocations | |  0.5
Transmutations | |  0.5
Fire Magic     | |  0.5
Ice Magic      | |  0.5
Earth Magic    | |  0.5
Poison Magic   | |  0.5
Evocations     | |  2.6

Action                   || total
-------------------------++-------
Melee: Hand axe          ||    78
       Bite              ||     6
 Cast: Shock             ||     8
Evoke: Wand              ||     1
 Stab: Sleeping          ||     1
  Eat: Chunk             ||     2
Armor: Robe              ||    14
Dodge: Dodged            ||    52

Table legend:
 A = Spawn XP
 B = Non-spawn XP
 C = Spawn XP percentage of total XP
 D = Spawn monster count
 E = Non-spawn monster count
 F = Spawn count percentage of total count
 G = Total turns spent on level
                    A         B        C        D         E        F      G
               +---------+---------+-------+---------+---------+-------+---------
         Total |       0 |      61 |   0.0 |       0 |      24 |   0.0 |  1550
               +---------+---------+-------+---------+---------+-------+---------
           D:1 |       0 |      31 |   0.0 |       0 |      20 |   0.0 |  1297
           D:2 |       0 |      30 |   0.0 |       0 |       4 |   0.0 |   253
               +---------+---------+-------+---------+---------+-------+---------

Vault maps used:
D:1:      dpeg_arrival_shelter, st_stairs_4
D:2:      nicolae_overflow_hidden_temple, nemelex_xobeh_ov_fountains_minmay,
          gammafunk_temple_overflow_pools, uniq_crazy_yiuf_cottage

Table legend:
 A = Turns spent in this place as a percentage of turns spent in the entire game.
 B = Non-inter-level travel turns spent in this place as a percentage of non-inter-level travel turns spent in the entire game.
 C = Inter-level travel turns spent in this place as a percentage of turns spent in this place.
 D = Turns resting spent in this place as a percentage of non-inter-level travel turns spent in this place.
 E = Turns spent auto-exploring this place as a percentage of non-inter-level travel turns spent in this place.
 F = Non-inter-level travel turns spent in this place divided by the number of levels of this place that you've seen.
                   A       B       C       D       E      F
               +-------+-------+-------+-------+-------+----------------------
         Total | 100.0 | 100.0 |   1.2 |  49.3 |  39.8 | 766.0
       Dungeon | 100.0 | 100.0 |   1.2 |  49.3 |  39.8 | 766.0
               +-------+-------+-------+-------+-------+----------------------

Table legend:
 A = Kills in this place as a percentage of kills in entire the game.
 B = Kills by you in this place as a percentage of kills by you in the entire game.
 C = Kills by friends in this place as a percentage of kills by friends in the entire game.
 D = Other kills in this place as a percentage of other kills in the entire game.
 E = Experience gained in this place as a percentage of experience gained in the entire game.
 F = Experience gained in this place divided by the number of levels of this place that you have seen.
                   A       B       C       D       E      F
               +-------+-------+-------+-------+-------+----------------------
         Total | 100.0 | 100.0 |   N/A |   N/A | 100.0 |  30.5
       Dungeon | 100.0 | 100.0 |   N/A |   N/A | 100.0 |  30.5
               +-------+-------+-------+-------+-------+----------------------
